 Dungeon Crawl Stone Soup version 0.28-a0-630-g0357d9c091 (webtiles) character file.

Game seed: 12686396830291477988

23 MacCMillion the Chopper (level 2, 0/27 HPs)
             Began as a Hill Orc Cinder Acolyte on Oct 9, 2021.
             Was a High Priest of Ignis.
             Slain by an adder (1 damage)
             ... on level 2 of the Dungeon.
             The game lasted 00:01:57 (1185 turns).

MacCMillion the Chopper (Hill Orc Cinder Acolyte)   Turns: 1185, Time: 00:01:58

Health: 0/27       AC:  2    Str: 16    XL:     2   Next: 95%
Magic:  3/3        EV: 11    Int: 14    God:    Ignis [*****.]
Gold:   101        SH:  0    Dex:  6    Spells: 3/3 levels left

rFire   + . .      SeeInvis .   a - -1 hand axe (flame)
rCold   . . .      Faith    .   (no shield)
rNeg    . . .      Spirit   .   b - +0 robe
rPois   .          Reflect  .   (no helmet)
rElec   .          Harm     .   (no cloak)
rCorr   .          Rampage  .   (no gloves)
Will    .....                   (no boots)
Stlth   +.........              (no amulet)
HPRegen 0.09/turn               (no ring)
MPRegen 0.08/turn               (no ring)

@: lethally poisoned (0 -> -2)
A: no striking features
a: Renounce Religion, Sea of Fire, Foxfire Swarm, Rising Flame


You were on level 2 of the Dungeon.
You worshipped Ignis.
Ignis was extremely pleased with you.
You visited 1 branch of the dungeon, and saw 2 of its levels.

You collected 101 gold pieces.

Inventory:

Hand Weapons
 a - a -1 hand axe of flaming (weapon)
Armour
 b - a +0 robe (worn)
Jewellery
 c - a ring of protection from fire
Scrolls
 e - a scroll of blinking {unknown}
 h - 4 scrolls of identify {unknown}
 i - a scroll of teleportation {unknown}
Potions
 d - a potion of might {unknown}
 f - a potion of attraction {unknown}
 g - 2 potions of mutation {unknown}


   Skills:
 + Level 3.9 Fighting
 * Level 4.6(4.7) Axes
 + Level 1.0(2.5) Polearms
 - Level 1.0 Spellcasting
 + Level 3.5 Fire Magic


You had 3 spell levels left.
You didn't know any spells.
Your spell library contained the following spells:

 Spells                   Type           Power      Damage    Failure   Level
 Scorch                   Fire           20%        2d6       10%         2
 Summon Small Mammal      Summ           0%         N/A       26%         1
 Call Canine Familiar     Summ           0%         N/A       61%         3
 Summon Guardian Golem    Hex/Summ       0%         N/A       61%         3


Dungeon Overview and Level Annotations

Branches:
Dungeon (2/15)

Altars:


Message History

You barely miss the adder.
You feel sick. The adder closely misses you.
You barely miss the adder.
You feel sick. The adder misses you. The adder barely misses you.
You hit the adder. You burn the adder.
The adder is moderately wounded.
You feel sick.
You are no longer poisoned.
The adder closely misses you.
You closely miss the adder.
The adder is moderately wounded.
The adder bites you. The adder barely misses you.
You closely miss the adder.
The adder is moderately wounded.
The adder bites you but does no damage.
You miss the adder.
The adder is moderately wounded.
The adder misses you. The adder barely misses you.
You barely miss the adder.
The adder is moderately wounded.
The adder bites you.
* * * LOW HITPOINT WARNING * * *
You closely miss the adder.
The adder is moderately wounded.
The adder closely misses you.
You hit the adder. You burn the adder.
The adder is severely wounded.
The adder bites you.
* * * LOW HITPOINT WARNING * * *
The adder bites you but does no damage.
You barely miss the adder.
The adder is severely wounded.
The adder bites you.
* * * LOW HITPOINT WARNING * * *
You are lethally poisoned!
The adder poisons you!
You closely miss the adder.
The adder is severely wounded.
* * * LOW HITPOINT WARNING * * *
You feel sick. The adder bites you.
You die...

#.# #.#
#.# #.#
#.# ...
#.# #.#
#S# #.#
#@#####
#.#
#?....#
#.#
#####.#
#.# #.#
#####.####
#.#
.........#
#.#
#####.##.#
#.#
......##.#
#.#
#####.##.#
#.#


You could see an adder.

Vanquished Creatures
  2 ball pythons (D:1)
  An endoplasm (D:2)
  2 goblins (D:1)
  3 hobgoblins (D:1)
  4 jackals (D:2)
  3 kobolds (D:1)
  A bat (D:1)
  2 frilled lizards (D:1)
  A rat (D:1)
19 creatures vanquished.

Notes
Turn   | Place    | Note
-------+----------+-------------------------------------------
     0 | D:1      | MacCMillion the Hill Orc Cinder Acolyte began the quest for
                  | the Orb.
     0 | D:1      | Reached XP level 1. HP: 19/19 MP: 2/2
   337 | D:1      | Reached XP level 2. HP: 27/27 MP: 3/3
  1142 | D:2      | Reached skill level 1 in Polearms
  1185 | D:2      | HP: 1/27 [poisoned by an adder]
  1185 | D:2      | Slain by an adder

Illustrated notes

Levels and vault maps discovered:
D:1:      matt_arrival_diagonals, layout_basic, minivault_24
D:2:      layout_loops_ring, chequers_serial_rivers_room_b,
          guppyfry_early_orc_mine, uniq_jessica

Skill      XL: |  1  2 |
---------------+-------+-----
Polearms       | 1 |  1.0
Fighting       | |  3.9
Axes           | |  4.6
Spellcasting   | |  1.0
Fire Magic     | |  3.5

Action                   || total
-------------------------++-------
Melee: Hand axe          ||    68
Armor: Robe              ||     9
Dodge: Dodged            ||    48

Table legend: (Time is in decaauts)
 A = Elapsed time spent in this place.
 B = Non-inter-level travel time spent in this place.
 C = Inter-level travel time spent in this place.
 D = Time resting spent in this place.
 E = Time spent auto-exploring this place.
 F = Levels seen in this place.
 G = Mean time per level.
                   A        B        C        D        E       F      G
               +--------+--------+--------+--------+--------+-----+--------+
         Total |   1189 |   1172 |     17 |    104 |    900 |   2 |  594.5 |
       Dungeon |   1189 |   1172 |     17 |    104 |    900 |   2 |  594.5 |
               +--------+--------+--------+--------+--------+-----+--------+

Top non-repeatable levels by time:
     D:1: 1058 daAuts
     D:2: 131 daAuts
